3AAA
HIALEAH DODOS @ SALT LAKE CITY BUZZ
08/07/2026
 
TOP OF THE 1ST
Hialeah Dodos batting - Pitching for Salt Lake City Buzz : RHP Pedro Espinoza
Pitching: RHP Pedro Espinoza
Batting: RHB Jorge Salgado 0-0: Ball
1-0: Ball
2-0: Fly out, F9 (Line Drive, 89D)
Batting: RHB Armando García 0-0: Foul Ball, location: 2F
0-1: Foul Ball, location: 2F
0-2: Ground out 6-3 (Groundball, 6)
Batting: LHB Álex Burgos 0-0: Ball
1-0: Swinging Strike
1-1: Foul Ball, location: 2F
1-2: Ball
2-2: Ball
3-2: SINGLE (Line Drive, 7S)
Batting: SHB Javier Gonzáles 0-0: Called Strike
0-1: Ball
1-1: Ball
2-1: Ball
3-1: Base on Balls
Álex Burgos to second
Batting: LHB Errol Levick 0-0: Foul Ball, location: 2F
0-1: Called Strike
0-2: Ground out 2-3 (Groundball, 2R)
Top of the 1st over - 0 run(s), 1 hit(s), 0 error(s), 2 left on base; Hialeah 0 - Salt Lake City 0
BOTTOM OF THE 1ST
Salt Lake City Buzz batting - Pitching for Hialeah Dodos : RHP Cisco Ortíz
Pitching: RHP Cisco Ortíz
Batting: LHB Roberto Soto 0-0: Bunt for hit - play at first, batter OUT! 1-3
Batting: SHB Wayne Saunders 0-0: Foul Ball, location: 2F
0-1: Ball
1-1: Ball
2-1: Fly out, F8 (Flyball, 78D)
Batting: RHB Justin MacPherson 0-0: Ball
1-0: Ball
2-0: Ball
3-0: Called Strike
3-1: Foul Ball, location: 2F
3-2: Fly out, F6 (Line Drive, 6M)
Bottom of the 1st over - 0 run(s), 0 hit(s), 0 error(s), 0 left on base; Hialeah 0 - Salt Lake City 0
TOP OF THE 2ND
Hialeah Dodos batting - Pitching for Salt Lake City Buzz : RHP Pedro Espinoza
Batting: RHB Wilson Pérez 0-0: Ball
1-0: Ground out 4-3 (Groundball, 4)
Batting: SHB Juan Ortega 0-0: Ball
1-0: Foul Ball, location: 2F
1-1: Fly out, F4 (Flyball, 4D)
Batting: RHB Daniel Ruíz 0-0: Ball
1-0: Called Strike
1-1: Ball
2-1: Ball
3-1: Base on Balls
Batting: RHB David Abreu 0-0: Ball
1-0: Foul Ball, location: 2F
1-1: Ball
2-1: Ball
3-1: Called Strike
Daniel Ruíz steals 2nd base
3-2: Foul Ball, location: 2F
3-2: Ground out 5-3 (Groundball, 5S)
Top of the 2nd over - 0 run(s), 0 hit(s), 0 error(s), 1 left on base; Hialeah 0 - Salt Lake City 0
BOTTOM OF THE 2ND
Salt Lake City Buzz batting - Pitching for Hialeah Dodos : RHP Cisco Ortíz
Batting: RHB Jung-hwan Kwon 0-0: Called Strike
0-1: Fly out, F5 (Line Drive, 5)
Batting: RHB Vicente Cruz 0-0: Foul Ball, location: 2F
0-1: Called Strike
0-2: Ball
1-2: Ball
2-2: Strikes out looking
Batting: RHB Daryl Moran 0-0: Foul Ball, location: 2F
0-1: Called Strike
0-2: Foul Ball, location: 2F
0-2: Ball
1-2: Ball
2-2: Foul Ball, location: 2F
2-2: Fly out, F8 (Line Drive, 8LM)
Bottom of the 2nd over - 0 run(s), 0 hit(s), 0 error(s), 0 left on base; Hialeah 0 - Salt Lake City 0
TOP OF THE 3RD
Hialeah Dodos batting - Pitching for Salt Lake City Buzz : RHP Pedro Espinoza
Batting: RHB Jorge Salgado 0-0: Ball
1-0: Ball
2-0: Ball
3-0: Called Strike
3-1: Base on Balls
Batting: RHB Armando García 0-0: Ball
1-0: Called Strike
1-1: Called Strike
1-2: Ball
2-2: Foul Ball, location: 2F
2-2: Foul Ball, location: 2F
2-2: Ball
3-2: Base on Balls
Jorge Salgado to second
Batting: LHB Álex Burgos 0-0: Swinging Strike
0-1: Ball
1-1: Swinging Strike
1-2: Ball
2-2: SINGLE (Groundball, 4MD)
Jorge Salgado to third
Armando García to second
Runner from 3rd tries for Home, SAFE, no throw
Batting: SHB Javier Gonzáles 0-0: Called Strike
0-1: Swinging Strike
0-2: Strikes out swinging
Pitching: RHP Stephen Hollingsworth
Batting: LHB Errol Levick 0-0: Swinging Strike
0-1: Foul Ball, location: 2F
0-2: Foul Ball, location: 2F
0-2: Ball
1-2: Fly out, F9 (Line Drive, 9)
Batting: RHB Wilson Pérez 0-0: Ball
1-0: Ball
2-0: Swinging Strike
2-1: Called Strike
2-2: Strikes out swinging
Top of the 3rd over - 1 run(s), 1 hit(s), 0 error(s), 2 left on base; Hialeah 1 - Salt Lake City 0
BOTTOM OF THE 3RD
Salt Lake City Buzz batting - Pitching for Hialeah Dodos : RHP Cisco Ortíz
Batting: RHB Gustavo Berrios 0-0: Swinging Strike
0-1: Ball
1-1: Reached on error, E9 (Flyball, 9)
Batting: RHB Alan Rosales 0-0: Ball
1-0: Called Strike
1-1: SINGLE (Flyball, 8RS)
Gustavo Berrios to second
Batting: RHB Adrian Rodgers 0-0: Ball
1-0: Called Strike
1-1: Fly out, F8 (Flyball, 8LXD)
Runner from 2nd tags up, SAFE at 3rd, no throw
Batting: LHB Roberto Soto 0-0: Ball
1-0: Foul Ball, location: 2F
1-1: Ball
Alan Rosales steals 2nd base
2-1: Foul Ball, location: 2F
2-2: Foul Ball, location: 2F
2-2: Hit by Pitch
Batting: SHB Wayne Saunders 0-0: Fly out, F9 (Flyball, 9)
Runner from 3rd tags up, SCORES, throw made
Batting: RHB Justin MacPherson 0-0: Ball
1-0: Ball
2-0: Called Strike
2-1: Called Strike
2-2: Fly out, F7 (Flyball, 7)
Bottom of the 3rd over - 1 run(s), 1 hit(s), 1 error(s), 2 left on base; Hialeah 1 - Salt Lake City 1
TOP OF THE 4TH
Hialeah Dodos batting - Pitching for Salt Lake City Buzz : RHP Stephen Hollingsworth
Batting: SHB Juan Ortega 0-0: Called Strike
0-1: Ball
1-1: Ball
2-1: Ground out 6-3 (Groundball, 6)
Batting: RHB Daniel Ruíz 0-0: Ball
1-0: Ball
2-0: Ball
3-0: Base on Balls
Batting: RHB David Abreu 0-0: Ball
Daniel Ruíz steals 2nd base
1-0: Called Strike
Daniel Ruíz steals 3rd base
1-1: Swinging Strike
1-2: Foul Ball, location: 2F
1-2: Ball
2-2: Fly out, F9 (Flyball, 9S)
Runner from 3rd tags up, OUT at HOME
Top of the 4th over - 0 run(s), 0 hit(s), 0 error(s), 0 left on base; Hialeah 1 - Salt Lake City 1
BOTTOM OF THE 4TH
Salt Lake City Buzz batting - Pitching for Hialeah Dodos : RHP Cisco Ortíz
Batting: RHB Jung-hwan Kwon 0-0: Ball
1-0: Fly out, F8 (Line Drive, 8LM)
Batting: RHB Vicente Cruz 0-0: Foul Ball, location: 2F
0-1: SINGLE (Groundball, 4S) (infield hit)
Batting: RHB Daryl Moran 0-0: Called Strike
0-1: Ball
1-1: Ball
2-1: SINGLE (Line Drive, 9LS)
Vicente Cruz to second
Batting: RHB Gustavo Berrios 0-0: Called Strike
0-1: Called Strike
0-2: Ball
1-2: Strikes out swinging
Batting: RHB Alan Rosales 0-0: Called Strike
0-1: Ball
1-1: Ball
2-1: Swinging Strike
2-2: Foul Ball, location: 2F
2-2: Foul Ball, location: 2F
2-2: Foul Ball, location: 2F
2-2: Ball
3-2: SINGLE (Groundball, 34D)
Vicente Cruz to third
Daryl Moran to second
Vicente Cruz scores
Daryl Moran to third
Batting: RHB Adrian Rodgers 0-0: Ball
1-0: Fly out, F7 (Flyball, 7)
Bottom of the 4th over - 1 run(s), 3 hit(s), 0 error(s), 2 left on base; Hialeah 1 - Salt Lake City 2
TOP OF THE 5TH
Hialeah Dodos batting - Pitching for Salt Lake City Buzz : RHP Stephen Hollingsworth
Batting: RHB Jorge Salgado 0-0: Ball
1-0: Called Strike
1-1: Ball
2-1: Foul Ball, location: 2F
2-2: Foul Ball, location: 2F
2-2: Strikes out swinging
Pitching: RHP Powell Horne
Batting: RHB Armando García 0-0: Ball
1-0: Ball
2-0: Ground out 6-3 (Groundball, 6)
Batting: LHB Álex Burgos 0-0: Ball
1-0: Swinging Strike
1-1: SINGLE (Line Drive, 8RS)
Batting: SHB Javier Gonzáles 0-0: Ball
1-0: SINGLE (Groundball, 6MS) (infield hit)
Álex Burgos to second
Batting: LHB Errol Levick 0-0: Ball
1-0: Called Strike
1-1: Called Strike
1-2: Strikes out swinging
Top of the 5th over - 0 run(s), 2 hit(s), 0 error(s), 2 left on base; Hialeah 1 - Salt Lake City 2
BOTTOM OF THE 5TH
Salt Lake City Buzz batting - Pitching for Hialeah Dodos : RHP Cisco Ortíz
Batting: LHB Roberto Soto 0-0: Ball
1-0: Swinging Strike
1-1: Bunt for hit - play at first, batter safe!
Batting: SHB Wayne Saunders 0-0: Ball
1-0: Bunted foul
1-1: Sac Bunt - play at first, batter OUT! U3
Roberto Soto to second
Batting: RHB Justin MacPherson 0-0: Ground out 6-3 (Groundball, 6)
Roberto Soto to third
Batting: RHB Jung-hwan Kwon 0-0: Foul Ball, location: 2F
0-1: Ball
1-1: Called Strike
1-2: Foul Ball, location: 2F
1-2: Ball
2-2: DOUBLE (Line Drive, 7LM)
Roberto Soto scores
Batting: RHB Vicente Cruz 0-0: Called Strike
0-1: Ball
1-1: Ball
2-1: Called Strike
2-2: Ball
3-2: Foul Ball, location: 2F
3-2: Foul Ball, location: 2F
3-2: Foul Ball, location: 2F
3-2: Ground out 6-3 (Groundball, 6)
Bottom of the 5th over - 1 run(s), 2 hit(s), 0 error(s), 1 left on base; Hialeah 1 - Salt Lake City 3
TOP OF THE 6TH
Hialeah Dodos batting - Pitching for Salt Lake City Buzz : RHP Powell Horne
Batting: RHB Wilson Pérez 0-0: Called Strike
0-1: Swinging Strike
0-2: Ball
1-2: Ground out 4-3 (Groundball, 34D)
Batting: SHB Juan Ortega 0-0: Ball
1-0: Called Strike
1-1: Swinging Strike
1-2: Ball
2-2: Ball
3-2: Strikes out swinging
Batting: RHB Daniel Ruíz 0-0: Ball
1-0: Foul Ball, location: 2F
1-1: Called Strike
1-2: Foul Ball, location: 2F
1-2: Ball
2-2: Ball
3-2: Strikes out swinging
Top of the 6th over - 0 run(s), 0 hit(s), 0 error(s), 0 left on base; Hialeah 1 - Salt Lake City 3
BOTTOM OF THE 6TH
Salt Lake City Buzz batting - Pitching for Hialeah Dodos : RHP Cisco Ortíz
Batting: RHB Daryl Moran 0-0: Foul Ball, location: 2F
0-1: Ball
1-1: Ball
2-1: Fly out, F9 (Flyball, 9LS)
Batting: RHB Gustavo Berrios 0-0: Swinging Strike
0-1: Ball
1-1: Foul Ball, location: 2F
1-2: Fly out, F9 (Flyball, 9S)
Batting: RHB Alan Rosales 0-0: Called Strike
0-1: Foul Ball, location: 2F
0-2: Ball
1-2: Ball
2-2: Ground out 5-3 (Groundball, 2L)
Bottom of the 6th over - 0 run(s), 0 hit(s), 0 error(s), 0 left on base; Hialeah 1 - Salt Lake City 3
TOP OF THE 7TH
Hialeah Dodos batting - Pitching for Salt Lake City Buzz : RHP Powell Horne
Pitching: RHP Rick Kennedy
Batting: RHB David Abreu 0-0: Ball
1-0: Swinging Strike
1-1: Ball
2-1: Foul Ball, location: 2F
2-2: Ball
3-2: Fly out, F9 (Line Drive, 9LM)
Batting: RHB Jorge Salgado 0-0: Ball
1-0: Ball
2-0: Called Strike
2-1: Ball
3-1: Base on Balls
Batting: RHB Armando García 0-0: Called Strike
0-1: Foul Ball, location: 2F
0-2: Ball
1-2: Fly out, F8 (Line Drive, 8LM)
Batting: LHB Álex Burgos 0-0: Ground out 4-3 (Groundball, 34)
Top of the 7th over - 0 run(s), 0 hit(s), 0 error(s), 1 left on base; Hialeah 1 - Salt Lake City 3
BOTTOM OF THE 7TH
Salt Lake City Buzz batting - Pitching for Hialeah Dodos : RHP Cisco Ortíz
Batting: RHB Adrian Rodgers 0-0: Ball
1-0: Called Strike
1-1: Ball
2-1: Ball
3-1: Foul Ball, location: 2F
3-2: Strikes out swinging
Batting: LHB Roberto Soto 0-0: Swinging Strike
0-1: Swinging Strike
0-2: Ball
1-2: SINGLE (Groundball, 56S) (infield hit)
Pitching: RHP Lindsay Novak
Batting: SHB Wayne Saunders 0-0: Called Strike
Roberto Soto steals 2nd base
0-1: Ball
1-1: Ball
Wild Pitch!
Roberto Soto to third
2-1: Ground out 5-3 (Groundball, 56S)
Batting: RHB Justin MacPherson 0-0: Called Strike
0-1: Fly out, F9 (Flyball, 89M)
Bottom of the 7th over - 0 run(s), 1 hit(s), 0 error(s), 1 left on base; Hialeah 1 - Salt Lake City 3
TOP OF THE 8TH
Hialeah Dodos batting - Pitching for Salt Lake City Buzz : RHP Rick Kennedy
Batting: SHB Javier Gonzáles 0-0: Ball
1-0: Ball
2-0: Called Strike
2-1: Swinging Strike
2-2: Ball
3-2: Ground out 6-3 (Groundball, 6)
Batting: LHB Errol Levick 0-0: Called Strike
0-1: Fly out, F5 (Popup, 5S)
Batting: RHB Wilson Pérez 0-0: Ball
1-0: Ball
2-0: Foul Ball, location: 2F
2-1: Ball
3-1: Base on Balls
Batting: SHB Juan Ortega 0-0: Ball
1-0: Ball
2-0: Ball
3-0: Called Strike
3-1: Base on Balls
Wilson Pérez to second
Batting: RHB Daniel Ruíz 0-0: Called Strike
0-1: Swinging Strike
0-2: Ball
1-2: Ball
2-2: Ball
3-2: Strikes out swinging
Top of the 8th over - 0 run(s), 0 hit(s), 0 error(s), 2 left on base; Hialeah 1 - Salt Lake City 3
BOTTOM OF THE 8TH
Salt Lake City Buzz batting - Pitching for Hialeah Dodos : RHP Lindsay Novak
Batting: RHB Jung-hwan Kwon 0-0: Foul Ball, location: 2F
0-1: Fly out, F4 (Line Drive, 4)
Batting: RHB Vicente Cruz 0-0: Called Strike
0-1: Ball
1-1: Called Strike
1-2: Strikes out looking
Batting: RHB Daryl Moran 0-0: Called Strike
0-1: Called Strike
0-2: Ball
1-2: Foul Ball, location: 2F
1-2: Strikes out swinging
Bottom of the 8th over - 0 run(s), 0 hit(s), 0 error(s), 0 left on base; Hialeah 1 - Salt Lake City 3
TOP OF THE 9TH
Hialeah Dodos batting - Pitching for Salt Lake City Buzz : RHP Rick Kennedy
Pitching: LHP An Jang-Yop
Batting: RHB David Abreu 0-0: Ground out 6-3 (Groundball, 6)
Batting: RHB Jorge Salgado 0-0: Ball
1-0: Fly out, F9 (Flyball, 9LM)
Batting: RHB Armando García 0-0: Ball
1-0: Ground out 5-3 (Groundball, 56)
Top of the 9th over - 0 run(s), 0 hit(s), 0 error(s), 0 left on base; Hialeah 1 - Salt Lake City 3
Monday, March 20th, 2017 - OOTP Baseball 17.12 Build 75